 Dungeon Sprint DCSS version 0.27.0-1-g7a089689b8 (webtiles) character file.

Game seed: 3406430772883756423

3327 Groucho the Unseen (level 9, -6/49 HPs)
             Began as a Felid Fighter on Aug 5, 2021.
             Was a Follower of Uskayaw.
             Hit by a large rock thrown by a stone giant (32 damage)
             ... in the Dungeon (Sprint IX: "|||||||||||||||||||||||||||||").
             The game lasted 00:05:40 (2688 turns).

Groucho the Unseen (Felid Fighter)                  Turns: 2688, Time: 00:05:40

Health: -6/49      AC:  4    Str: 15    XL:     9   Next: 71%
Magic:  18/18      EV: 29    Int: 10    God:    Uskayaw [*.....]
Gold:   36         SH:  0    Dex: 16    Spells: 8/8 levels left
                                        Lives:  0   Deaths: 3

rFire    . . .     SeeInvis +     - Unarmed
rCold    . . .     Faith    .   (shield unavailable)
rNeg     . . .     Spirit   .   (armour unavailable)
rPois    .         Reflect  .   (helmet unavailable)
rElec    .         Harm     .   (cloak unavailable)
rCorr    .         Rampage  .   (gloves unavailable)
Will     +....     NoTele   +   (boots unavailable)
Stlth    ++++++....             (no amulet)
HPRegen  0.16/turn              k - +2 ring of evasion
MPRegen  0.16/turn              l - +2 ring of protection

@: quick
A: very small, claws 1, fangs 3, see invisible, speed 1, shaggy fur 2, stealthy
paws, no weapons or thrown items, no armour, multi-lived
a: Renounce Religion, Stomp


You were in the Dungeon.
You worshipped Uskayaw.
Uskayaw was aware of your devotion.
You visited 1 branch You collected 36 gold pieces.

Inventory:

Jewellery
 k - a +2 ring of evasion (left paw)
 l - a +2 ring of protection (right paw)
Wands
 j - a wand of acid (10)
 m - a wand of flame (18)
 n - a wand of paralysis (3)
Scrolls
 b - 3 scrolls of identify
 d - a scroll of fear
 g - 3 scrolls of blinking
 i - 2 scrolls of amnesia
Potions
 a - a potion of might
 c - 2 potions of heal wounds
 e - 4 potions of magic
 f - 4 potions of berserk rage
 h - 2 potions of curing


   Skills:
 + Level 12.3 Fighting
 + Level 15.5 Dodging
 + Level 16.2 Stealth
 + Level 12.6 Unarmed Combat
 + Level 11.3 Invocations


You had 8 spell levels left.
You didn't know any spells.
Your spell library was empty.

Dungeon Overview and Level Annotations

Branches:
Dungeon (1/1)

Altars:
Cheibriados
Dithmenos
Elyvilon
Fedhas
Gozag
Hepliaklqana
Kikubaaqudgha
Makhleb
Nemelex Xobeh
Okawaru
Qazlal
Ru
Sif Muna
Trog
Uskayaw
Vehumet
Wu Jian
Xom
Yredelemnul
Zin
The Shining One
Beogh
Jiyva
Lugonu


Innate Abilities, Weirdness & Mutations

You have sharp claws.
You have razor-sharp teeth.
You have supernaturally acute eyesight. (SInv)
You cover ground quickly. (Speed+)
You are covered in thick fur. (AC +2)
Your paws help you pounce on unaware monsters.
You are incapable of wielding weapons or throwing items.
You cannot wear armour.
You gain extra lives every three experience levels.


Message History

You claw the stone giant!
The stone giant is lightly wounded.
The stone giant closely misses you.
You scratch the stone giant.
You bite the stone giant, but do no damage.
The stone giant is lightly wounded.
The stone giant hits you!!
You are too injured to fight recklessly!
You claw the stone giant! You bite the stone giant.
The stone giant is moderately wounded.
The stone giant hits you but does no damage.
You can now pass through a line of other dancers.
You feel much better. The stone giant hits you!!
Ouch! That really hurt!
* * * LOW HITPOINT WARNING * * *
You can no longer pass through a line of other dancers.
Things that are here:
a +0 trident; a +0 leather armour; an orc corpse You feel much better.
Aiming: Paralyse
Press: ? - help, Shift-Dir - straight line, f - stone giant
Aim: a stone giant, quivering large rocks (moderately wounded, chance to affect: 6%)
The stone giant resists with almost no effort.
Unknown command.
Aiming: Paralyse
Press: ? - help, Shift-Dir - straight line, f/p - stone giant
Aim: a stone giant, quivering large rocks (moderately wounded, chance to affect: 6%)
The stone giant resists with almost no effort.
The stone giant throws a large rock.
The large rock barely misses you.
You scratch the stone giant.
The stone giant is moderately wounded.
The stone giant hits you!!
Ouch! That really hurt!
* * * LOW HITPOINT WARNING * * *
Unknown command.
Unknown command.
You feel much better. The stone giant completely misses you.
The stone giant throws a large rock.
The large rock hits you!!
Ouch! That really hurt!
You die...

▓.▓.▓.▓.▓.▓
▓'▓.▓.▓.▓.▓
▓)▓.▓.▓.▓.▓
▓.▓.▓.▓.▓.▓
▓.▓.▓(▓.▓'▓
▓.▓.▓)▓C▓)▓
▓.▓.▓.▓.▓)▓
▓'▓.▓?▓.▓)▓
▓_▓.▓.▓@▓)▓
▓_▓.▓.▓)▓)▓
▓_▓.▓.▓.▓o▓
▓_▓.▓.▓.▓$▓
▓_▓.▓'▓.▓C▓
▓_▓.▓.▓)▓o▓
▓_▓.▓.▓.▓o▓
▓_▓.▓.▓.▓o▓
▓_▓.▓.▓.▓


You could see a stone giant.

Vanquished Creatures
  Erolcha (D)
  A hydra (D)
  Sonja (D)
  A cyclops (D)
  Maurice (D)
  A black mamba (D)
  8 cane toads (D)
  2 komodo dragons (D)
  A tyrant leech (D)
  2 blink frogs (D)
  A vampire (D)
  5 yaks (D)
  2 vampire mosquitoes (D)
  2 water moccasins (D)
  4 orc warriors (D)
  A wolf (D)
  A centaur (D)
  A phantom (D)
  2 bullfrogs (D)
  A wight (D)
  3 orc priests (D)
  A white imp (D)
  4 orcs (D)
  2 endoplasms (D)
  A goblin (D)
  A giant cockroach zombie (D)
  A jackal zombie (D)
  2 rats (D)
54 creatures vanquished.

Vanquished Creatures (others)
  A cyclops (D)
  A yak (D)
2 creatures vanquished.

Grand Total: 56 creatures vanquished

Notes
Turn   | Place    | Note
-------+----------+-------------------------------------------
     0 | D        | Groucho the Felid Fighter began the quest for the Orb.
     0 | D        | Reached XP level 1. HP: 10/10 MP: 2/2
     8 | D        | Reached skill level 1 in Stealth
    14 | D        | Reached skill level 2 in Stealth
   406 | D        | Noticed a phantom
   416 | D        | Killed a phantom
   417 | D        | Reached skill level 5 in Fighting
   417 | D        | Reached skill level 5 in Stealth
   417 | D        | Reached skill level 5 in Unarmed Combat
   417 | D        | Reached XP level 2. HP: 3/16 MP: 3/3
   417 | D        | Reached XP level 3. HP: 4/19 MP: 4/4
   417 | D        | Reached XP level 4. HP: 5/23 MP: 5/5
   438 | D        | Found a snail-covered altar of Cheibriados.
   438 | D        | Found a shadowy altar of Dithmenos.
   438 | D        | Found a white marble altar of Elyvilon.
   438 | D        | Found a blossoming altar of Fedhas.
   438 | D        | Found an opulent altar of Gozag.
   439 | D        | Found a hazy altar of Hepliaklqana.
   440 | D        | Found a viscous altar of Jiyva.
   441 | D        | Found an ancient bone altar of Kikubaaqudgha.
   442 | D        | Found a corrupted altar of Lugonu.
   443 | D        | Found a burning altar of Makhleb.
   444 | D        | Found a sparkling altar of Nemelex Xobeh.
   445 | D        | Found an iron altar of Okawaru.
   446 | D        | Found a stormy altar of Qazlal.
   447 | D        | Found a sacrificial altar of Ru.
   448 | D        | Found a shimmering blue altar of Sif Muna.
   449 | D        | Found a bloodstained altar of Trog.
   450 | D        | Found a hide-covered altar of Uskayaw.
   451 | D        | Found a radiant altar of Vehumet.
   452 | D        | Found an ornate altar of the Wu Jian Council.
   453 | D        | Found a shimmering altar of Xom.
   454 | D        | Found a basalt altar of Yredelemnul.
   455 | D        | Found a glowing silver altar of Zin.
   456 | D        | Found a glowing golden altar of the Shining One.
   458 | D        | Became a worshipper of Uskayaw the Reveller
   631 | D        | Noticed a yak
   631 | D        | Noticed a centaur
   631 | D        | Noticed an orc warrior
   631 | D        | Noticed a vampire
   636 | D        | Reached * piety under Uskayaw
   638 | D        | Reached ** piety under Uskayaw
   641 | D        | Killed a yak
   642 | D        | Reached skill level 7 in Stealth
   642 | D        | Reached XP level 5. HP: 17/27 MP: 5/8
   644 | D        | Reached *** piety under Uskayaw
   645 | D        | Killed a centaur
   645 | D        | Reached **** piety under Uskayaw
   646 | D        | Reached skill level 8 in Stealth
   646 | D        | Gained mutation: You are covered in thick fur. (AC +2)
                  | [Felid growth]
   646 | D        | Reached XP level 6. HP: 20/31 MP: 5/9
   647 | D        | Killed an orc warrior
   648 | D        | Reached skill level 9 in Stealth
   650 | D        | Reached ***** piety under Uskayaw
   655 | D        | Killed a vampire
   656 | D        | Reached skill level 10 in Dodging
   656 | D        | Reached skill level 10 in Stealth
   656 | D        | Reached skill level 5 in Invocations
   656 | D        | Reached XP level 7. HP: 16/36 MP: 6/12
   659 | D        | Noticed a vampire mosquito
   659 | D        | Noticed a cyclops
   659 | D        | Noticed an efreet
   659 | D        | Noticed a cyclops
   659 | D        | Noticed a tengu warrior
   659 | D        | Noticed a deep elf pyromancer
   661 | D        | Killed a vampire mosquito
   663 | D        | Killed a cyclops
   663 | D        | Reached ****** piety under Uskayaw
   664 | D        | Reached skill level 11 in Stealth
   664 | D        | Reached XP level 8. HP: 19/41 MP: 7/14
   666 | D        | Killed from afar by an efreet
   667 | D        | Reached XP level 7. HP: -4/37 MP: 7/13
   673 | D        | Noticed a cane toad
   673 | D        | Noticed a tyrant leech
   673 | D        | Killed a cyclops
   675 | D        | Noticed a vampire mosquito
   676 | D        | Noticed a blink frog
   677 | D        | Noticed a blink frog
   678 | D        | Noticed a cane toad
   685 | D        | Noticed a cane toad
   687 | D        | Killed a blink frog
   690 | D        | Killed a cane toad
   693 | D        | Killed a vampire mosquito
   694 | D        | Reached skill level 12 in Stealth
   694 | D        | Slain by a tyrant leech
   695 | D        | Reached XP level 6. HP: -2/34 MP: 3/12
   741 | D        | Killed a cane toad
   741 | D        | Killed a blink frog
   742 | D        | Reached skill level 10 in Unarmed Combat
   742 | D        | Reached XP level 7. HP: 35/38 MP: 8/13
   744 | D        | Killed a cane toad
   745 | D        | Reached XP level 8. HP: 40/43 MP: 9/15
   748 | D        | Killed a tyrant leech
   749 | D        | Reached skill level 10 in Fighting
   749 | D        | Reached skill level 13 in Stealth
  1264 | D        | Noticed a cane toad
  1264 | D        | Noticed a four-headed hydra
  1264 | D        | Noticed a black mamba
  1264 | D        | Noticed a cane toad
  1264 | D        | Noticed a cane toad
  1274 | D        | Noticed a cane toad
  1274 | D        | Killed a cane toad
  1279 | D        | Killed a cane toad
  1281 | D        | Killed a black mamba
  1282 | D        | Reached XP level 9. HP: 32/47 MP: 12/17
  1283 | D        | Killed a cane toad
  1283 | D        | Killed a cane toad
  1283 | D        | Killed a four-headed hydra
  1284 | D        | Reached skill level 14 in Stealth
  1284 | D        | Reached skill level 10 in Invocations
  1617 | D        | Noticed a komodo dragon
  1617 | D        | Noticed a cane toad
  1626 | D        | Noticed a komodo dragon
  1633 | D        | Reached skill level 15 in Stealth
  1636 | D        | Killed a komodo dragon
  1637 | D        | Reached XP level 10. HP: 19/52 MP: 10/18
  1639 | D        | Killed a cane toad
  2388 | D        | Noticed Sonja
  2395 | D        | Killed Sonja
  2396 | D        | Reached skill level 15 in Dodging
  2415 | D        | Noticed Maurice
  2416 | D        | Noticed Erolcha
  2425 | D        | Killed Maurice
  2437 | D        | Killed Erolcha
  2438 | D        | Reached skill level 16 in Stealth
  2521 | D        | Noticed a stone giant
  2530 | D        | Killed from afar by an orc priest
  2531 | D        | Reached XP level 9. HP: -7/49 MP: 16/18
  2688 | D        | Hit by a large rock thrown by a stone giant

Illustrated notes

Levels and vault maps discovered:
D:        linesprint [early_d, line_temple, items_1, d_10, items_2, lair_1,
          lair_end, items_3, orc_1, orc_end, items_4, d_15, swamp_1, shoals_1,
          snake_1, spider_1, d_20, vaults_1, items_5, swamp_end, shoals_end,
          snake_end, spider_end, vaults_end, d_27, items_6, zot_1, zot_end,
          crypt_end, forest_end, elf_end, slime_end, tomb_end, abyss_end,
          pan_hell_end]

Skill      XL: |  1  2  3  4  5  6  7  8  9 10 |
---------------+-------------------------------+-----
Stealth        | 5 7 8 10 12 13 15 16 | 16.2
Fighting       | 5 6 7 9 10 11 12 | 12.3
Dodging        | 6 8 12 11 13 14 15 | 15.5
Unarmed Combat | 5 6 7 10 9 11 12 | 12.6
Invocations    | 3 5 8 9 10 11 | 11.3

Action                   |  1- 3 |  4- 6 |  7- 9 | 10-12 || total
-------------------------+-------+-------+-------+-------++-------
Melee: Unarmed           |    18 |    45 |    45 |    30 ||   138
       Bite              |     2 |     6 |     7 |     7 ||    22
       Punch             |       |     2 |     2 |     2 ||     6
Invok: Line Pass         |       |     1 |     6 |     4 ||    11
       Stomp             |       |       |     1 |       ||     1
Evoke: Wand              |       |       |     2 |       ||     2
  Use: Potion            |     1 |     3 |     6 |       ||    10
 Stab: Invisible         |       |     2 |     3 |       ||     5
       Paralysed         |       |     1 |     5 |     3 ||     9
       Confused          |       |     1 |     2 |     2 ||     5
       Sleeping          |       |       |     2 |     1 ||     3
Armor: Skin              |       |     1 |     3 |       ||     4
Dodge: Dodged            |     6 |    29 |    35 |    19 ||    89
